 Dungeon Crawl Stone Soup version 0.22-a0-348-gd16d139 (webtiles) character file.

405 tilp the Chiller (level 6, -1/47 HPs)
             Began as a Merfolk Ice Elementalist on Apr 8, 2018.
             Slain by a hound (5 damage)
             ... on level 5 of the Dungeon.
             The game lasted 00:17:51 (5975 turns).

tilp the Chiller (Merfolk Ice Elementalist)         Turns: 5975, Time: 00:17:52

Health: -1/47      AC:  4    Str:  9    XL:     6   Next: 87%
Magic:  4/9        EV: 13    Int: 16    God:
Gold:   285        SH:  0    Dex: 14    Spells: 3/9 levels left

rFire    . . .     SeeInvis .   a - +1 dagger (venom)
rCold    . . .     Gourm    .   (no shield)
rNeg     . . .     Faith    .   y - -2 leather armour (curse)
rPois    .         Spirit   .   (no helmet)
rElec    .         Reflect  .   o - +0 cloak
rCorr    .         Harm     .   h - +1 pair of gloves
MR       .....                  (no boots)
Stlth    ++........             (no amulet)
HPRegen  0.15/turn              (no ring)
MPRegen  0.11/turn              (no ring)

@: hasted, very quick
A: change form in water, swift swim, stealthy swim
a: no special abilities


You were on level 5 of the Dungeon.
You were not hungry.

You visited 1 branch of the dungeon, and saw 5 of its levels.

You collected 285 gold pieces.

Inventory:

Hand Weapons
 a - a +1 dagger of venom (weapon)
 b - a +0 hunting sling
Missiles
 f - 25 sling bullets
 m - 102 stones (quivered)
 s - 5 tomahawks
 B - 6 tomahawks of dispersal
Armour
 h - a +1 pair of gloves (worn)
 n - a +0 robe
 o - a +0 cloak (worn)
 u - a +2 chain mail of positive energy
 y - a cursed -2 leather armour (worn)
Jewellery
 j - a +1 ring of protection {unknown}
 l - an uncursed ring of stealth {unknown}
 t - an uncursed amulet of guardian spirit
 A - an uncursed ring of wizardry {unknown}
Wands
 k - a wand of iceblast (4)
Scrolls
 p - 2 scrolls of amnesia
 q - a scroll of remove curse
 z - a scroll of identify
Potions
 d - a potion of haste
 g - 2 potions of flight
 i - a potion of brilliance
 r - 3 potions of agility
 v - a potion of magic {unknown}
Comestibles
 c - 9 rations


   Skills:
 - Level 3.1 Fighting
 + Level 3.8 Dodging
 - Level 2.1 Stealth
 - Level 2.0 Spellcasting
 - Level 0.7 Conjurations
 - Level 7.1 Ice Magic


You had 3 spell levels left.
You knew the following spells:

 Your Spells              Type           Power        Failure   Level  Hunger
a - Freeze                Ice            ###.         1%          1    #......
b - Throw Frost           Conj/Ice       ##....       9%          2    ###....
c - Ozocubu's Armour      Chrm/Ice       ##......     21%         3    ###....


Dungeon Overview and Level Annotations

Branches:
Dungeon (5/15)
 Temple: D:4-7

Altars:
Ru

Portals:
Sewer: D:5

Annotations:
D:4 exclusion: ogre
D:5 Blork the orc, Sigmund


Message History

Found 9 gold pieces.
The adder zombie bites you but does no damage.
Found a stone staircase leading down.
A leopard gecko comes into view.
Blork the orc screams, "Die!"
Blork the orc casts a spell.
Blork the orc flickers and vanishes!
Deactivating autopickup; reactivate with Ctrl-A.
Found 20 stones.
A hound comes into view.
The leopard gecko hisses angrily.
Found a stone staircase leading up.
A puff of frost appears from out of thin air!
The puff of frost misses you.
The leopard gecko hisses menacingly.
The hound barks!
The hound bites you.
* * * LOW HITPOINT WARNING * * *
The hound bites you.
You die...

##+# .......
######### #........
#.......# #.......#
#.......###.......#
#.@h...S.r#.......#
#..(.......r......$
#.................#
####l...Zrr........
#...........r..#
#..............#
#..........#.#..
#.....#....#.#.#
#........>...#?.


You could see a hound, an adder, a river rat, an adder zombie, a leopard gecko
and a rat.

Vanquished Creatures
  A hound (D:5)
  An orc wizard (D:3)
  Crazy Yiuf (D:3)
  An orc priest (D:3)
  A centaur skeleton (D:4)
  An iguana (D:4)
  A worker ant (D:2)
  2 hound skeletons
  10 adders
  2 oozes (D:1)
  3 worms
  A dart slug (D:1)
  2 leopard geckos
  16 orcs
  7 bats
  2 giant cockroaches
  10 goblins
  8 hobgoblins
  4 kobolds (D:1)
  A quokka (D:2)
  A ball python (D:4)
  5 frilled lizards
  A quokka skeleton (D:4)
  11 rats
93 creatures vanquished.

Notes
Turn   | Place    | Note
-------+----------+-------------------------------------------
     0 | D:1      | tilp the Merfolk Ice Elementalist began the quest for the Orb.
     0 | D:1      | Reached XP level 1. HP: 13/13 MP: 3/3
   583 | D:1      | Reached XP level 2. HP: 18/19 MP: 0/5
   637 | D:1      | Learned a level 2 spell: Throw Frost
   843 | D:1      | Reached skill level 4 in Ice Magic
  1230 | D:1      | Reached XP level 3. HP: 17/24 MP: 0/6
  1800 | D:2      | Learned a level 3 spell: Ozocubu's Armour
  2086 | D:2      | Reached skill level 5 in Ice Magic
  2304 | D:2      | Reached XP level 4. HP: 28/30 MP: 4/7
  2681 | D:2      | Reached skill level 6 in Ice Magic
  2681 | D:2      | Reached XP level 5. HP: 32/35 MP: 2/8
  3886 | D:3      | Found a sacrificial altar of Ru.
  4287 | D:3      | Found a runed door.
  4371 | D:3      | Reached skill level 7 in Ice Magic
  4723 | D:4      | Noticed an ogre
  4815 | D:4      | Reached XP level 6. HP: 41/42 MP: 2/9
  5053 | D:3      | Noticed Crazy Yiuf
  5061 | D:3      | Killed Crazy Yiuf
  5061 | D:3      | Reached skill level 1 in Fighting
  5852 | D:4      | You fall through a shaft!
  5852 | D:5      | Entered Level 5 of the Dungeon
  5860 | D:5      | Noticed Sigmund
  5914 | D:5      | Noticed a phantom
  5937 | D:5      | Noticed Blork the orc
  5940 | D:5      | Found a glowing drain.
  5975 | D:5      | Slain by a hound

Vault maps used:
D:1:      dpeg_arrival_boxes_within_box, minmay_ruptured
D:2:      minmay_diamond_boxcup, minmay_tetromino_i4
D:3:      nicolae_ru_awakened_eye, kennysheep_generic_room_10,
          uniq_crazy_yiuf_cottage
D:4:      first_ration
D:5:      grunt_temple_overflow_lords_of_destruction, portal_sewer_entry_a,
          uniq_blork_the_orc, uniq_sigmund

Skill      XL: |  1  2  3  4  5  6 |
---------------+-------------------+-----
Ice Magic      | 4 5 6 7 |  7.1
Fighting       | 3 |  3.1
Dodging        | 3 |  3.8
Stealth        | |  2.1
Spellcasting   | |  2.0
Conjurations   | |  0.7

Action                   |  1- 3 |  4- 6 || total
-------------------------+-------+-------++-------
Melee: Dagger            |     7 |    78 ||    85
 Fire: Hunting sling     |       |    87 ||    87
Throw: Stone             |     1 |     1 ||     2
 Cast: Freeze            |    53 |    51 ||   104
       Throw Frost       |     1 |     3 ||     4
       Ozocubu's Armour  |       |    16 ||    16
  Use: Scroll            |     5 |     8 ||    13
       Potion            |       |     1 ||     1
  Eat: Chunk             |     5 |    16 ||    21
Armor: Robe              |     6 |    21 ||    27
       Leather armour    |       |    13 ||    13
Dodge: Dodged            |    33 |   102 ||   135

Table legend:
 A = Spawn XP
 B = Non-spawn XP
 C = Spawn XP percentage of total XP
 D = Spawn monster count
 E = Non-spawn monster count
 F = Spawn count percentage of total count
 G = Total turns spent on level
                    A         B        C        D         E        F      G
               +---------+---------+-------+---------+---------+-------+---------
         Total |       0 |     579 |   0.0 |       0 |      93 |   0.0 |  5975
               +---------+---------+-------+---------+---------+-------+---------
           D:1 |       0 |      51 |   0.0 |       0 |      25 |   0.0 |  1795
           D:2 |       0 |     128 |   0.0 |       0 |      21 |   0.0 |  1311
           D:3 |       0 |     174 |   0.0 |       0 |      22 |   0.0 |  1737
           D:4 |       0 |     162 |   0.0 |       0 |      22 |   0.0 |  1009
           D:5 |       0 |      64 |   0.0 |       0 |       3 |   0.0 |   123
               +---------+---------+-------+---------+---------+-------+---------
